 Dungeon Crawl Stone Soup version 0.19-a0-45-g2c295ea (webtiles) character file.

128 M4edhros the Insei (level 5, 0/31 HPs)
             Began as an Octopode Necromancer on May 5, 2016.
             Slain by Blork the orc
             ... wielding a +0 hand axe
              (4 damage)
             ... on level 5 of the Dungeon.
             The game lasted 00:06:32 (1117 turns).

M4edhros the Insei (Octopode Necromancer)           Turns: 1117, Time: 00:06:32

Health: 0/31       AC:  1    Str:  8    XL:     5   Next: 11%
Magic:  3/8        EV: 18    Int: 17    God:
Gold:   134        SH:  0    Dex: 18    Spells: 3 memorised, 3 levels left

rFire  . . .     SeeInvis .       - Unarmed
rCold  . . .     Gourm    .     (no shield)
rNeg   . . .     Faith    .     (helmet restricted)
rPois  .         Spirit   .     (no amulet)
rElec  .         Dismiss  .     (no ring)
rCorr  .         Reflect  .     (no ring)
SustAt .         Harm     .     (no ring)
MR     .....                    (no ring)
Stlth  +++++.....               (no ring)
                                (no ring)
                                (no ring)
                                (no ring)

@: agile, flying, very slightly contaminated, regenerating (expiring), not
resistant to hostile enchantments, quite stealthy
A: almost no armour, amphibious, 8 rings, constrict 8, camouflage 1, gelatinous
body 1
a: no special abilities


You were on level 5 of the Dungeon.
You were hungry.

You visited 1 branch of the dungeon, and saw 5 of its levels.

You collected 134 gold pieces.

Inventory:

Missiles
 c - 38 stones (quivered)
Wands
 e - a wand of random effects (23/48)
 h - a wand of iceblast (6/15)
Scrolls
 g - a scroll of amnesia {unknown}
 i - a scroll of remove curse
 k - a scroll of enchant armour {unknown}
 m - 2 scrolls of random uselessness
Potions
 j - a potion of flight
Books
 a - a book of Necromancy

   Spells                             Type                      Level
   a - Pain                           Necromancy                   1
   b - Animate Skeleton               Necromancy                   1
   c - Vampiric Draining              Necromancy                   3
   d - Regeneration                   Charms/Necromancy            3
   e - Animate Dead                   Necromancy                   4
   f - Control Undead                 Necromancy                   4
Comestibles
 b - 3 bread rations


   Skills:
 - Level 2.0 Dodging
 - Level 2.6 Stealth
 + Level 4.6 Unarmed Combat
 - Level 2.0 Spellcasting
 - Level 4.0 Necromancy


You had 3 spell levels left.
You knew the following spells:

 Your Spells              Type           Power        Failure   Level  Hunger
a - Pain                  Necr           ###.         3%          1    #......
b - Animate Skeleton      Necr           N/A          3%          1    #......
r - Regeneration          Chrm/Necr      #.........   24%         3    ###....


Dungeon Overview and Level Annotations

Branches:
Dungeon (5/15)
 Temple: D:4-7

Altars:
Fedhas
Pakellas

Annotations:
D:5 Blork the orc, Duvessa, Pikel


Innate Abilities, Weirdness & Mutations

You cannot wear most types of armour.
You are amphibious.
You can wear up to eight rings at the same time.
You can use your tentacles to constrict eight enemies at once.
Your skin changes colour to match your surroundings (Stealth).
Your rubbery body absorbs attacks (AC +1).


Message History

Blork the orc is moderately wounded.
You constrict Blork the orc. Blork the orc hits you with a hand axe!
* * * LOW HITPOINT WARNING * * *
Blork the orc hits you with a hand axe.
* * * LOW HITPOINT WARNING * * *
Drink which item? (? for menu, Esc to quit)
Okay, then.
You barely miss Blork the orc. You tentacle-slap Blork the orc.
Blork the orc is heavily wounded.
You constrict Blork the orc. Blork the orc hits you with a hand axe.
* * * LOW HITPOINT WARNING * * *
You barely miss Blork the orc.
Blork the orc is heavily wounded.
You constrict Blork the orc, but do no damage.
Blork the orc completely misses you.
You tentacle-slap Blork the orc.
Blork the orc is severely wounded.
Your skin is crawling a little less now.
You constrict Blork the orc. Blork the orc hits you with a hand axe.
You die...

......e...#
#..........#
#..........#
#.[...<....###
#........./..
#..........#
#..........#
#..........#
#.?.o@.....#
######$........
#).........
#..........
#..>.......
##########. #.#
.. ..# ..


You could see Blork the orc.

Vanquished Creatures
  A hound (D:4)
  A worker ant (D:4)
  Robin (D:3)
  4 adders
  An ooze (D:3)
  A worm (D:2)
  A dart slug (D:3)
  A giant gecko (D:2)
  An orc (D:4)
  A bat (D:3)
  2 giant cockroaches
  9 goblins
  2 hobgoblins (D:3)
  2 giant newts
  2 rats
30 creatures vanquished.

Notes
Turn   | Place    | Note
--------------------------------------------------------------
     0 | D:1      | M4edhros the Octopode Necromancer began the quest for the Orb.
     0 | D:1      | Reached XP level 1. HP: 11/11 MP: 3/3
   113 | D:2      | Found an oddly glowing altar of Pakellas.
   131 | D:2      | Reached skill level 1 in Unarmed Combat
   131 | D:2      | Reached XP level 2. HP: 17/17 MP: 5/5
   321 | D:3      | Noticed Robin
   343 | D:3      | Reached XP level 3. HP: 9/21 MP: 3/6
   349 | D:3      | Learned a level 1 spell: Animate Skeleton
   353 | D:3      | Learned a level 3 spell: Regeneration
   381 | D:3      | Killed Robin
   718 | D:5      | Entered Level 5 of the Dungeon
   718 | D:5      | Found a blossoming altar of Fedhas.
   718 | D:5      | Noticed a slave
   718 | D:5      | Noticed a scorpion
   720 | D:5      | Noticed Pikel
   730 | D:4      | Reached XP level 4. HP: 11/27 MP: 0/7
   889 | D:3      | HP: 2/40 [poisoned by an adder]
   897 | D:3      | HP: 1/40 [poisoned by an adder]
   928 | D:3      | Reached XP level 5. HP: 8/31 MP: 1/8
  1106 | D:5      | Noticed Duvessa
  1106 | D:5      | Noticed Blork the orc
  1117 | D:5      | Slain by Blork the orc

Vault maps used:
D:1:      ncdulo_halloftheorcs, nemelex_diamond_rough_becter
D:2:      forest_paths, gammafunk_temple_overflow_statue, fedhas_altar_4,
          overflow_temple_1_default, overflow_temple_1_default
D:3:      first_bread, uniq_robin
D:4:      minmay_misc_feat_four_crosses
D:5:      kiku_gazebo_garden_becter, minmay_temple_entry_purple_smoke,
          basic_altar, uniq_duvessa, uniq_blork_the_orc, uniq_pikel

Skill      XL: |  1  2  3  4 |
---------------+-------------+-----
Unarmed Combat | 1 2 3 4 |  4.6
Dodging        | |  2.0
Stealth        | |  2.6
Spellcasting   | |  2.0
Necromancy     | |  4.0

Action                   |  1- 3 |  4- 6 || total
-------------------------+-------+-------++-------
Melee: Unarmed           |    59 |    29 ||    88
       Constrict         |    14 |     4 ||    18
       Tentacles         |     8 |     5 ||    13
       Punch             |       |     1 ||     1
 Cast: Pain              |     8 |       ||     8
       Regeneration      |     7 |     6 ||    13
       Animate Skeleton  |     2 |     2 ||     4
  Use: Potion            |     1 |     3 ||     4
       Scroll            |       |     5 ||     5
 Stab: Sleeping          |     3 |     3 ||     6
  Eat: Chunk             |     1 |     2 ||     3
Armor: Skin              |     5 |     1 ||     6
Dodge: Dodged            |    20 |    12 ||    32
